 Dungeon Crawl Stone Soup version 0.20.0-15-g7f486f2 (webtiles) character file.

108 NoAnimeNoLife the Skirmisher (level 5, 0/44 HPs)
             Began as a Human Fighter on June 13, 2017.
             Killed from afar by an orc wizard (10 damage)
             ... with a puff of frost
             ... on level 3 of the Dungeon.
             The game lasted 00:01:44 (1814 turns).

NoAnimeNoLife the Skirmisher (Human Fighter)        Turns: 1814, Time: 00:01:45

Health: 0/44       AC:  6    Str: 21    XL:     5   Next: 12%
Magic:  5/5        EV:  7    Int:  8    God:
Gold:   112        SH:  9    Dex: 14    Spells: 4/4 levels left

rFire    . . .     SeeInvis .   a - +0 flail
rCold    . . .     Gourm    .   c - +0 shield
rNeg     . . .     Faith    .   b - +0 scale mail
rPois    .         Spirit   .   (no helmet)
rElec    .         Reflect  .   (no cloak)
rCorr    .         Harm     .   (no gloves)
MR       .....                  (no boots)
Stlth    ..........             (no amulet)
Regen    0.2/turn               (no ring)
MPRegen  0.1/turn               (no ring)

@: mighty
A: no striking features
a: no special abilities


You were on level 3 of the Dungeon.
You were not hungry.

You visited 1 branch of the dungeon, and saw 3 of its levels.

You collected 112 gold pieces.

Inventory:

Hand Weapons
 a - a +0 flail (weapon)
Armour
 b - a +0 scale mail (worn)
 c - a +0 shield (worn)
Jewellery
 e - an uncursed amulet of regeneration {unknown}
 p - a +3 ring of slaying {unknown}
Scrolls
 h - a scroll of remove curse {unknown}
 i - a scroll of fog {unknown}
 j - a scroll of teleportation {unknown}
 k - a scroll of identify {unknown}
 l - a scroll of immolation {unknown}
 n - a scroll of blinking {unknown}
Potions
 d - a potion of might
 g - a potion of curing {unknown}
 m - a potion of lignification {unknown}
 q - a potion of cancellation {unknown}
Comestibles
 f - a bread ration
 o - a meat ration
 r - a chunk of flesh


   Skills:
 + Level 5.4 Fighting
 - Level 2.0 Maces & Flails
 - Level 3.0 Armour
 - Level 3.0 Shields


You had 4 spell levels left.
You didn't know any spells.

Dungeon Overview and Level Annotations

Branches:
Dungeon (3/15)

Altars:
Trog
Xom
Yredelemnul
The Shining One


Message History

You resist with some effort. The orc wizard closely misses you.
Your shield and scale mail prevent you from hitting the orc wizard.
You feel less confused. The orc wizard hits you with a dagger.
You block the orc wizard's attack. x2
The orc wizard gestures at you while chanting.
The puff of frost hits you!
You sock the orc wizard!
You kill the orc wizard!
You have reached level 5!
The orc hits you with a club.
* * * LOW HITPOINT WARNING * * *
The orc wizard hits you but does no damage.
The orc throws an exploding tomahawk.
You block the exploding tomahawk.
The exploding tomahawk explodes!
The explosion of tomahawk fragments engulfs you!
* * * LOW HITPOINT WARNING * * *
The explosion of tomahawk fragments engulfs the orc wizard.
The orc wizard gestures at you while chanting.
The puff of frost hits you!
You die...

###
#..
#.#
#.#
#o####
#@.oo#
####.#
#


You could see an orc wizard and 2 orcs.

Vanquished Creatures
  An orc wizard (D:3)
  4 adders (D:2)
  A dart slug (D:1)
  2 leopard geckos (D:1)
  An orc (D:3)
  A ball python (D:2)
  3 giant cockroaches (D:1)
  2 hobgoblins (D:1)
  4 jackals (D:2)
  A quokka (D:2)
  7 bats (D:1)
  3 frilled lizards
  4 goblins
  8 kobolds
  6 rats
48 creatures vanquished.

Notes
Turn   | Place    | Note
-------+----------+-------------------------------------------
     0 | D:1      | NoAnimeNoLife the Human Fighter began the quest for the Orb.
     0 | D:1      | Reached XP level 1. HP: 18/18 MP: 1/1
   150 | D:1      | Reached XP level 2. HP: 24/24 MP: 2/2
   313 | D:1      | Reached skill level 4 in Fighting
   313 | D:1      | Reached XP level 3. HP: 19/30 MP: 3/3
   696 | D:1      | Found a glowing golden altar of the Shining One.
   961 | D:2      | Reached XP level 4. HP: 20/38 MP: 4/4
  1246 | D:2      | Found a basalt altar of Yredelemnul.
  1354 | D:2      | Found a shimmering altar of Xom.
  1459 | D:2      | Reached skill level 5 in Fighting
  1576 | D:2      | Found a bloodstained altar of Trog.
  1812 | D:3      | Reached XP level 5. HP: 13/44 MP: 5/5
  1814 | D:3      | Killed from afar by an orc wizard

Skill      XL: |  1  2  3  4 |
---------------+-------------+-----
Fighting       | 4 5 |  5.4
Maces & Flails | |  2.0
Armour         | |  3.0
Shields        | |  3.0

Action                   |  1- 3 |  4- 6 || total
-------------------------+-------+-------++-------
Melee: Flail             |   138 |    54 ||   192
  Use: Potion            |       |     1 ||     1
  Eat: Chunk             |       |     3 ||     3
Armor: Scale mail        |    94 |    37 ||   131
Dodge: Dodged            |    45 |    21 ||    66
Block: Shield            |    72 |    32 ||   104
